 Dungeon Crawl Stone Soup version 0.31-a0-1338-gb567cfdca4 (webtiles) character file.

Game seed: 5650625535170613499

49 Laraso the Trooper (level 3, -6/39 HPs)
             Began as an Oni Cinder Acolyte on Dec 23, 2023.
             Was a High Priest of Ignis.
             Killed by nerve-wracking pain
             ... invoked by Grinder
              (11 damage)
             ... while paralysed by Grinder
             ... on level 3 of the Dungeon.
             The game lasted 00:02:00 (2020 turns).

Laraso the Trooper (Oni Cinder Acolyte)             Turns: 2020, Time: 00:02:01

Health: -6/39      AC:  3    Str: 18    XL:     3   Next: 75%
Magic:  1/6        EV:  1    Int: 17    God:    Ignis [*****.]
Gold:   118        SH:  0    Dex:  4    Spells: 4/6 levels left

rFire   + . .        a - -1 mace (flame)
rCold   . . .        (no shield)
rNeg    . . .        b - +0 robe
rPois   .            (helmet restricted)
rElec   .            (no cloak)
rCorr   .            (gloves unavailable)
SInv    .            (boots unavailable)
Will    .....        (no amulet)
Stlth   +            (no ring)
HPRegen 0.26/turn    (no ring)
MPRegen 0.10/turn

%: no passive effects
@: paralysed
A: drunken brawling, large, unfitting armour, horns 1, tough skin 1, double
potion healing
a: Renounce Religion, Fiery Armour, Foxfire Swarm, Rising Flame


You were on level 3 of the Dungeon.
You worshipped Ignis.
Ignis was extremely pleased with you.
You visited 1 branch of the dungeon, and saw 3 of its levels.

You collected 118 gold pieces.

Inventory:

Hand Weapons
 a - a -1 mace of flaming (weapon)
Armour
 b - a +0 robe (worn)
Jewellery
 c - an amulet of guardian spirit
Wands
 h - a wand of paralysis (2)
Scrolls
 i - a scroll of teleportation {unknown}
 j - a scroll of identify {unknown}
Potions
 d - 2 potions of curing {unknown}
 e - a potion of berserk rage {unknown}
 f - a potion of invisibility {unknown}
 g - a potion of enlightenment {unknown}


   Skills:
 - Level 4.0 Fighting
 * Level 3.9 Maces & Flails
 + Level 2.1 Spellcasting
 + Level 3.1 Fire Magic


You had 4 spell levels left.
You knew the following spells:

 Your Spells              Type           Power      Damage    Failure   Level
a - Scorch                Fire           24%        2d6       9%          2

Your spell library contained the following spells:

 Spells                   Type           Power      Damage    Failure   Level
 Kiss of Death            Conj/Necr      4%         2d5       19%         1
 Necrotise                Necr           4%         1d4       19%         1
 Confusing Touch          Hex            1%         N/A       50%         3
 Vampiric Draining        Necr           1%         2d6       50%         3
 Animate Dead             Necr           1%         N/A       88%         4
 Dispel Undead            Necr           1%         3d6       88%         4
 Agony                    Necr           1%         N/A       99%         5
 Haunt                    Necr/Summ      0%         N/A       100%        7
 Infestation              Necr           0%         N/A       100%        8


Dungeon Overview and Level Annotations

Branches:
Dungeon (3/15)

Altars:
Okawaru

Shops:
D:3 =

Annotations:
D:3 Grinder


Innate Abilities, Weirdness & Mutations

Whenever you drink a potion that restores your health or magic, you attack all enemies around you.
You are too large for most types of armour.
You have a pair of small horns on your head.
You have tough skin. (AC +1)
Whenever you drink a potion that restores your health or magic, it restores twice as much.


Message History

Grinder says, "My boss said I was rubbish.
His entrails said otherwise."
You start resting.
Your magical contamination has completely faded away.
Grinder is no longer more vulnerable to fire.
Grinder gestures at you.
You suddenly lose the ability to move!
You can move again.
Unknown command.
You miscast Scorch.
You are very lightly contaminated with residual magic.
Nothing appears to happen.
Grinder hits you.
You writhe in agony.
You hit Grinder. You burn Grinder.
Grinder is heavily wounded.
Grinder hits you!
You writhe in agony.
You sock Grinder! You burn Grinder.
Grinder is almost dead.
Grinder barely misses you.
You barely miss Grinder.
Grinder is almost dead.
Grinder hits you.
You writhe in agony.
You are too injured to fight recklessly!
You are too injured to fight recklessly!
You are too injured to fight recklessly!
You are too injured to fight recklessly!
You closely miss Grinder.
Grinder is almost dead.
Grinder says, "I used to sell toenails on the black market."
Grinder gestures at you.
You suddenly lose the ability to move!
Grinder hits you but does no damage.
Grinder blinks!
Your magical contamination has completely faded away.
Grinder hits you!
* * * LOW HITPOINT WARNING * * *
You writhe in agony.
* * * LOW HITPOINT WARNING * * *
Grinder gestures at you. Pain shoots through your body!
You die...
Grinder sighs, "Dead already?
I want a refund."

.# #.#.###.#####...... .#
##................. .# .#
#......#.........###.## .#
#......##...........?.. .#
#......##............[#
.####......##.............#
............'.............#
.#####...####.............#
.........# ###.@#........#
######...# #.5#........#
#...# #..##...##### #...#
#..##...# #... #†.#....5.
#..#.##.##. #..#. .# #
#.... ∩. #.... .##


You could see Grinder.

Vanquished Creatures
  3 adders (D:2)
  A dart slug (D:3)
  A ball python (D:2)
  3 endoplasms
  A giant cockroach (D:2)
  2 hobgoblins (D:2)
  A quokka (D:2)
  3 frilled lizards
  A goblin (D:1)
  3 kobolds
  3 rats
22 creatures vanquished.

Notes
Turn   | Place    | Note
-------+----------+-------------------------------------------
     0 | D:1      | Laraso the Oni Cinder Acolyte began the quest for the Orb.
     0 | D:1      | Reached XP level 1. HP: 24/24 MP: 2/2
  1111 | D:2      | Found a faded altar of an unknown god.
  1150 | D:2      | Reached XP level 2. HP: 32/32 MP: 4/4
  1234 | D:2      | Found an iron altar of Okawaru.
  1404 | D:2      | Reached XP level 3. HP: 31/39 MP: 5/5
  1410 | D:2      | Learned a level 2 spell: Scorch
  1956 | D:3      | Noticed Grinder
  1988 | D:3      | Found Lige Ar Wao's Jewellery Shoppe.
  2003 | D:3      | Paralysed by Grinder for 4 turns
  2016 | D:3      | Paralysed by Grinder for 5 turns
  2020 | D:3      | Killed from afar by Grinder

Illustrated notes

Levels and vault maps discovered:
D:1:      psy_arrival_conway, layout_loops_corners, amethyst_killhole,
          kennysheep_crisscross
D:2:      minmay_chambers_of_twos, layout_loops_cross,
          hellmonk_ecumenical_altar_run_dry, basic_altar
D:3:      layout_basic, serial_shops, nicolae_shop_gaudy_bauble, dk_vineyard_1,
          uniq_grinder

Skill      XL: |  1  2  3 |
---------------+----------+-----
Fire Magic     | 3 |  3.1
Spellcasting   | 2 |  2.1
Fighting       | |  4.0
Maces & Flails | |  3.9

Action                     || total
---------------------------++-------
  Melee: Mace              ||    64
         Headbutt          ||     5
         Punch             ||     1
   Cast: Scorch            ||    12
    Use: Scroll            ||     1
 Armour: Robe              ||    55
  Dodge: Dodged            ||    25

Table legend: (Time is in decaauts)
 A = Elapsed time spent in this place.
 B = Non-inter-level travel time spent in this place.
 C = Inter-level travel time spent in this place.
 D = Time resting spent in this place.
 E = Time spent auto-exploring this place.
 F = Levels seen in this place.
 G = Mean time per level.
                   A        B        C        D        E       F      G
               +--------+--------+--------+--------+--------+-----+--------+
         Total |   2034 |   1962 |     72 |    132 |   1608 |   3 |  678.0 |
       Dungeon |   2034 |   1962 |     72 |    132 |   1608 |   3 |  678.0 |
               +--------+--------+--------+--------+--------+-----+--------+

Top non-repeatable levels by time:
     D:1: 1103 daAuts
     D:2: 800 daAuts
     D:3: 130 daAuts
